 Dungeon Crawl Stone Soup version 0.27.1-33-g824d729ab1 (webtiles) character file.

Game seed: 9374963974683713995

64 horus123 the Caller (level 4, -3/34 HPs)
             Began as a Ghoul Summoner on Dec 29, 2021.
             Slain by Grinder (4 damage)
             ... on level 3 of the Dungeon.
             The game lasted 00:04:42 (3091 turns).

horus123 the Caller (Ghoul Summoner)                Turns: 3091, Time: 00:04:43

Health: -3/34      AC:  2    Str: 11    XL:     4   Next: 12%
Magic:  6/6        EV: 12    Int: 11    God:
Gold:   112        SH:  0    Dex:  9    Spells: 1/7 levels left

rFire    . . .     SeeInvis .     - Unarmed
rCold    + . .     Faith    .   (no shield)
rNeg     + + +     Spirit   .   a - +0 robe
rPois    ∞         Reflect  .   (no helmet)
rElec    .         Harm     .   (no cloak)
rCorr    .         Rampage  .   (no gloves)
Will     .....                  (no boots)
Stlth    ++........             m - amulet of magic regeneration
HPRegen  0.00/turn              (no ring)
MPRegen  0.35/turn              (no ring)

@: inhibited regen
A: claws 1, cold resistance 1, negative energy resistance 3, inhibited
regeneration, torment resistance 2
a: no special abilities


You were on level 3 of the Dungeon.
You visited 1 branch of the dungeon, and saw 3 of its levels.

You collected 112 gold pieces.

Inventory:

Armour
 a - a +0 robe (worn)
Magical Staves
 c - a staff of death
Jewellery
 m - an amulet of magic regeneration (around neck)
Wands
 o - a wand of iceblast (4)
Scrolls
 h - a scroll of holy word
 j - 2 scrolls of immolation
 l - a scroll of identify
Potions
 b - a potion of resistance {unknown}
 d - a potion of ambrosia {unknown}
 e - a potion of mutation {unknown}
 f - 2 potions of curing {unknown}
 g - a potion of flight {unknown}
 i - 2 potions of degeneration {unknown}
 k - a potion of invisibility {unknown}
 n - a potion of attraction {unknown}


   Skills:
 + Level 0.5 Fighting
 + Level 2.0 Dodging
 + Level 2.6 Stealth
 + Level 1.6 Unarmed Combat
 + Level 2.2 Spellcasting
 + Level 4.1 Summonings


You had one spell level left.
You knew the following spells:

 Your Spells              Type           Power      Damage    Failure   Level
a - Summon Small Mammal   Summ           40%        N/A       5%          1
b - Call Imp              Summ           10%        N/A       8%          2
c - Summon Guardian Gole  Hex/Summ       5%         N/A       36%         3

Your spell library contained the following spells:

 Spells                   Type           Power      Damage    Failure   Level
 Call Canine Familiar     Summ           10%        N/A       16%         3
 Summon Lightning Spire   Summ/Air       5%         N/A       77%         4


Dungeon Overview and Level Annotations

Branches:
Dungeon (3/15)

Altars:
Xom

Shops:
D:3 :

Annotations:
D:3 Grinder


Innate Abilities, Weirdness & Mutations

You thrive by killing the living.
You are immune to poison.
You have sharp fingernails.
Your flesh is cold resistant. (rC+)
You are immune to negative energy. (rN+++)
You do not regenerate when monsters are visible.
You are immune to unholy pain and torment.


Message History

Your shadow imp hits Grinder.
Grinder hits your rat.
Your rat dies!
Your rat's corpse disappears in a puff of smoke!
Your shadow imp closely misses Grinder.
Grinder says, "You look like you could use a good racking."
Grinder barely misses your crimson imp.
Your crimson imp blinks!
Your shadow imp misses Grinder.
Your white imp closely misses Grinder.
Your shadow imp hits Grinder but does no damage.
Grinder hits your white imp!
Your white imp hits Grinder.
Your white imp freezes Grinder.
Grinder resists.
Your shadow imp barely misses Grinder.
Grinder completely misses your white imp.
Your white imp hits Grinder.
Your white imp freezes Grinder.
Grinder resists.
Your shadow imp misses Grinder.
Grinder hits your white imp!
Your white imp dies!
Your white imp disappears in a puff of smoke!
Grinder shouts!
Your shadow imp misses Grinder.
Casting: Call Imp (safe; 8% risk of failure)
Confirm with . or Enter, or press ? or * to list all spells.
A beastly little devil appears in a puff of flame.
Grinder hits you.
* * * LOW HITPOINT WARNING * * *
Your shadow imp disappears in a puff of smoke!
Grinder closely misses you.
Your crimson imp hits Grinder.
Your crimson imp blinks!
Grinder hits you!
* * * LOW HITPOINT WARNING * * *
Your crimson imp blinks!
Your crimson imp barely misses Grinder.
You scratch Grinder but do no damage.
Grinder is severely wounded.
Your crimson imp blinks!
Grinder gestures at you. You resist with significant effort.
You closely miss Grinder.
Grinder is severely wounded.
Grinder hits you.
You die...

.......#....#........###.##
.##.#..####.#.##.##...#...#
#..........#)##.##.......#
#[..#.###.5.....##......)#
...#. #..........##.#†.#
##.##. #.....###..##.#..#
#.....# #.........
#.5...###........#
#@..............##
#.[.....#####.### #########
#.# #.# #.# #.# # #[# # .#
# #######


You could see Grinder (ally target) and a friendly crimson imp (summoned).

Vanquished Creatures
  A worm (D:2)
  4 ball pythons
  4 bats
  3 endoplasms
  A giant cockroach (D:1)
  4 goblins
  3 hobgoblins
  3 quokkas
  2 frilled lizards (D:1)
  2 kobolds
  3 rats
30 creatures vanquished.

Vanquished Creatures (collateral kills)
  Ijyb (D:3)
  A worm (D:2)
  A bat (D:2)
  A giant cockroach (D:2)
  2 hobgoblins (D:1)
  A quokka (D:2)
  A ball python (D:1)
  4 frilled lizards
  3 rats
15 creatures vanquished.

Grand Total: 45 creatures vanquished

Notes
Turn   | Place    | Note
-------+----------+-------------------------------------------
     0 | D:1      | horus123 the Ghoul Summoner began the quest for the Orb.
     0 | D:1      | Reached XP level 1. HP: 14/14 MP: 2/2
    47 | D:1      | Reached XP level 2. HP: 5/20 MP: 3/3
   840 | D:1      | Learned a level 2 spell: Call Imp
  1052 | D:1      | Reached skill level 4 in Summonings
  1135 | D:1      | Reached skill level 1 in Unarmed Combat
  1440 | D:1      | Reached XP level 3. HP: 24/26 MP: 2/5
  2220 | D:2      | Found a shimmering altar of Xom.
  2327 | D:2      | Found a faded altar of an unknown god.
  2814 | D:3      | Learned a level 3 spell: Summon Guardian Golem
  2860 | D:3      | Found Kozxot's Book Shoppe.
  2902 | D:3      | Noticed Ijyb
  2914 | D:3      | Killed Ijyb
  2915 | D:3      | Reached XP level 4. HP: 22/34 MP: 4/6
  3031 | D:3      | Noticed Grinder
  3051 | D:3      | Paralysed by Grinder for 5 turns
  3082 | D:3      | HP: 1/34 [Grinder (9)]
  3091 | D:3      | Slain by Grinder

Illustrated notes

Levels and vault maps discovered:
D:1:      minmay_arrival_nine_rooms, layout_basic, minmay_indecisive_spiral
D:2:      layout_loops_ring, basic_altar, basic_ecumenical_altar
D:3:      layout_loops_cross, serial_shops, nicolae_shop_statue_plus,
          minmay_misc_feat_columns, guppyfry_early_orc_mine, uniq_jessica,
          uniq_grinder, uniq_ijyb

Skill      XL: |  1  2  3 |
---------------+----------+-----
Summonings     | 4 |  4.1
Spellcasting   | 2 |  2.2
Unarmed Combat | 1 |  1.6
Dodging        | 2 |  2.0
Fighting       | |  0.5
Stealth        | |  2.6

Action                   |  1- 3 |  4- 6 || total
-------------------------+-------+-------++-------
Melee: Unarmed           |   145 |     7 ||   152
       Punch             |     1 |       ||     1
 Cast: Summon Small Mamm |    13 |     4 ||    17
       Call Imp          |    23 |     6 ||    29
  Use: Scroll            |     6 |       ||     6
 Stab: Sleeping          |     6 |       ||     6
Armor: Robe              |    28 |     2 ||    30
Dodge: Dodged            |   111 |     7 ||   118
